 Dungeon Crawl Stone Soup version 0.26-a0-830-g2a559e7be2 (webtiles) character file.

Game seed: 1581291390992995902

12903 Gatan the Geomancer (level 12, -9/71 HPs)
             Began as a Gargoyle Earth Elementalist on Nov 15, 2020.
             Was an Elder of Vehumet.
             Mangled by a two-headed ogre
             ... wielding a +0 giant club
              (30 damage)
             ... on level 11 of the Dungeon.
             The game lasted 00:21:43 (13274 turns).

Gatan the Geomancer (Gargoyle Earth Elementalist)  Turns: 13274, Time: 00:21:43

Health: -9/71      AC: 13    Str: 13    XL:     12   Next: 0%
Magic:  11/32      EV: 15    Int: 24    God:    Vehumet [****..]
Gold:   466        SH:  0    Dex: 14    Spells: 17/26 levels left

rFire    + . .     SeeInvis +   q - +6 mace "Killer Bee's Regret" {venom, MR- Dex+4}
rCold    . . .     Faith    .   (no shield)
rNeg     + + .     Spirit   .   u - +1 robe "Buata" {Harm rN+ MR+ Int+4}
rPois    ∞         Reflect  .   p - +0 helmet
rElec    +         Harm     +   (no cloak)
rCorr    .         Rampage  .   (no gloves)
MR       .....                  (no boots)
Stlth    ++........             (no amulet)
HPRegen  0.21/turn              e - ring of protection from fire
MPRegen  0.23/turn              c - ring of magical power

@: no status effects
A: hooves 1, see invisible, deterioration 1, negative energy resistance 1,
electricity resistance, unbreathing, petrification resistance, rot immunity, AC
+8
a: Renounce Religion


You were on level 11 of the Dungeon.
You worshipped Vehumet.
Vehumet was greatly pleased with you.
You visited 2 branches of the dungeon, and saw 12 of its levels.

You collected 620 gold pieces.
You spent 154 gold pieces at shops.

Inventory:

Hand Weapons
 q - the +6 mace "Killer Bee's Regret" (weapon) {venom, MR- Dex+4}
   (You found it on level 5 of the Dungeon)

   It poisons the flesh of those it strikes.
   It affects your dexterity (+4).
   It affects your resistance to hostile enchantments.
 x - a +1 dire flail of freezing
 D - a +2 dire flail of freezing
Missiles
 b - 324 stones (quivered)
 k - a throwing net
Armour
 p - a +0 helmet (worn)
 u - the +1 robe "Buata" (worn) {Harm rN+ MR+ Int+4}
   (You found it on level 6 of the Dungeon)

   It affects your intelligence (+4).
   It protects you from negative energy.
   It affects your resistance to hostile enchantments.
   It increases damage dealt and taken.
Jewellery
 a - an uncursed ring of resist corrosion
 c - a ring of magical power (right hand)
 e - a ring of protection from fire (left hand)
Wands
 l - a wand of random effects (17)
 o - a wand of iceblast (7)
 s - a wand of paralysis (10)
 w - a wand of acid (14)
 y - a wand of enslavement (8)
Scrolls
 n - 2 scrolls of remove curse
 t - 2 scrolls of teleportation
 v - a scroll of fog
 A - 3 scrolls of amnesia
Potions
 d - a potion of ambrosia
 f - 3 potions of heal wounds
 g - 8 potions of curing
 h - a potion of lignification
 i - a potion of attraction
 j - 3 potions of might
 m - 2 potions of berserk rage
 r - a potion of cancellation {unknown}
 z - 3 potions of brilliance
 C - a potion of flight
Miscellaneous
 B - a phantom mirror


   Skills:
 + Level 6.8 Fighting
 + Level 6.3 Maces & Flails
 - Level 6.0 Armour
 + Level 5.5 Dodging
 - Level 2.1 Stealth
 + Level 7.9 Spellcasting
 + Level 8.9 Conjurations
   Level 0.7 Transmutations
 + Level 10.6 Earth Magic


You had 17 spell levels left.
You knew the following spells:

 Your Spells              Type           Power        Failure   Level
a - Sandblast             Erth           ######       1%          1
b - Stone Arrow           Conj/Erth      ######       1%          3
c - Lee's Rapid Deconstr  Erth           ######....   1%          5

Your spell library contained the following spells:

 Spells                   Type           Power        Failure   Level
 Airstrike                Air            #.........   17%         4
 Freeze                   Ice            #...         1%          1
 Passwall                 Tmut/Erth      #####...     1%          2
 Hailstorm                Conj/Ice       ####....     3%          4
 Frozen Ramparts          Ice            #.....       5%          3
 Petrify                  Tmut/Erth      #####...     6%          4
 Confusing Touch          Hex            #.......     21%         3
 Gell's Gravitas          Tloc           #.........   21%         3
 Ozocubu's Armour         Ice            #.......     21%         3
 Yara's Violent Unravell  Hex/Tmut       ##........   36%         5
 Summon Ice Beast         Ice/Summ       #.......     54%         4
 Metabolic Englaciation   Hex/Ice        #.........   88%         5


Dungeon Overview and Level Annotations

Branches:
Dungeon (11/15)            Temple (1/1) D:6            Lair (0/6) D:10
    Orc (0/2) D:10

Altars:
Cheibriados
Dithmenos
Elyvilon
Gozag
Kikubaaqudgha
Makhleb
Nemelex Xobeh
Okawaru
Qazlal
Vehumet
Wu Jian
Xom
Yredelemnul
The Shining One

Shops:
D:4 (   D:5 !   D:10 [

Annotations:
D:4 3 runed translucent doors, anything's ghost, amateur DgSu
D:6 3 runed translucent doors, glosham's ghost, weakling FoDe


Innate Abilities, Weirdness & Mutations

You are resistant to torment.
Your stone body is resilient. (AC +8)
You are immune to poison.
You resist negative energy. (rN+)
You are resistant to electric shocks. (rElec)
You can survive without breathing.
You are immune to petrification.
You are immune to rotting.
You have large cloven feet.
You have supernaturally acute eyesight. (SInv)
Your body sometimes deteriorates upon taking damage.


Message History

The two-headed ogre completely misses you.
The two-headed ogre hits you with a +0 giant spiked club!
* * * LOW HITPOINT WARNING * * *
Casting: Stone Arrow (safe; 1% risk of failure)
Confirm with . or Enter, or press ? or * to list all spells.
Aiming: Stone Arrow (safe; 1% risk of failure)
Press: ? - help, Shift-Dir - straight line, f/p - two-headed ogre
Aim: a two-headed ogre, wielding a +0 giant club and a +0 giant spiked club (heavily wounded)
The stone arrow hits the two-headed ogre!!
The two-headed ogre is almost dead.
The two-headed ogre hits you but does no damage. x2
Casting: Stone Arrow (safe; 1% risk of failure)
Confirm with . or Enter, or press ? or * to list all spells.
Aiming: Stone Arrow (safe; 1% risk of failure)
Press: ? - help, Shift-Dir - straight line, f/p - two-headed ogre
Aim: a two-headed ogre, wielding a +0 giant club and a +0 giant spiked club (almost dead)
The stone arrow hits the two-headed ogre.
The two-headed ogre is almost dead.
The two-headed ogre hits you with a +0 giant club!!
You die...

#####################
.....†††O@..........#
......#############.#
.≈≈.. #.# ≈≈≈≈ #.#
./≈ #.# . .. #.# . #
#.# #.# #.#


You could see a two-headed ogre.

Vanquished Creatures
  A hydra (D:11)
  Harold (D:10)
  A centaur warrior (D:11)
  A two-headed ogre (D:9)
  Pikel (D:4)
  A centaur zombie (D:11)
  A gargoyle (D:10)
  A troll (D:10)
  A hornet (D:11)
  A shadow (D:11)
  6 wyverns
  12 yaks
  Eustachio (D:4)
  2 steam dragons
  Menkaure (D:4)
  3 water moccasins (D:10)
  2 ice beasts
  2 sky beasts
  3 orc warriors
  3 black bears
  3 phantoms
  5 ogres
  A centaur (D:7)
  Blork the orc (D:4)
  8 bullfrogs
  4 scorpions
  18 wights
  9 killer bees (D:10)
  4 howler monkeys
  An electric eel (D:6)
  A bullfrog zombie (D:11)
  A quasit (D:10)
  2 hounds
  A bullfrog skeleton (D:11)
  4 centaur skeletons
  5 orc wizards
  5 orc priests
  5 iguanas
  5 worker ants
  3 hound zombies
  A hound skeleton (D:8)
  A worker ant zombie (D:11)
  3 gnolls (D:3)
  10 adders
  A shadow imp (D:6)
  3 white imps
  An ooze (D:6)
  An adder zombie (D:8)
  2 adder skeletons
  4 worms
  3 dart slugs
  10 leopard geckos
  17 orcs
  3 bats
  A bat zombie (D:2)
  7 giant cockroaches
  10 goblins
  12 hobgoblins
  10 jackals
  3 quokkas
  4 frilled lizards
  A jackal skeleton (D:4)
  3 kobolds
  A leopard gecko skeleton (D:4)
  A leopard gecko zombie (D:3)
  21 rats
  2 rat zombies (D:2)
267 creatures vanquished.

Vanquished Creatures (others)
  4 fungi (D:10)
  14 plants (D:10)
18 creatures vanquished.

Grand Total: 285 creatures vanquished

Notes
Turn   | Place    | Note
-------+----------+-------------------------------------------
     0 | D:1      | Gatan the Gargoyle Earth Elementalist began the quest for
                  | the Orb.
     0 | D:1      | Reached XP level 1. HP: 10/10 MP: 3/3
   524 | D:1      | Reached skill level 4 in Earth Magic
   524 | D:1      | Reached XP level 2. HP: 14/15 MP: 5/5
   543 | D:1      | Found an iron altar of Okawaru.
  1507 | D:2      | Reached XP level 3. HP: 9/19 MP: 4/6
  1511 | D:2      | Learned a level 3 spell: Stone Arrow
  1537 | D:2      | Found a snail-covered altar of Cheibriados.
  2215 | D:2      | Found a shimmering altar of Xom.
  2247 | D:2      | Found an ornate altar of the Wu Jian Council.
  2262 | D:2      | Noticed a phantom
  2287 | D:2      | Killed a phantom
  2288 | D:2      | Reached skill level 5 in Earth Magic
  2288 | D:2      | Reached XP level 4. HP: 5/24 MP: 0/9
  2288 | D:2      | Reached XP level 5. HP: 6/28 MP: 0/10
  2530 | D:2      | Learned a level 5 spell: Lee's Rapid Deconstruction
  2549 | D:2      | Found a glowing golden altar of the Shining One.
  2706 | D:2      | Found an ancient bone altar of Kikubaaqudgha.
  3337 | D:3      | Found a basalt altar of Yredelemnul.
  4034 | D:3      | Found a white marble altar of Elyvilon.
  4336 | D:3      | Found an opulent altar of Gozag.
  4361 | D:3      | Reached XP level 6. HP: 32/32 MP: 11/11
  4361 | D:3      | Found a radiant altar of Vehumet.
  4370 | D:3      | Became a worshipper of Vehumet
  4443 | D:4      | Noticed Pikel
  4447 | D:4      | Noticed anything's ghost (amateur DgSu)
  4483 | D:4      | Killed Pikel
  4484 | D:4      | Reached skill level 6 in Earth Magic
  4484 | D:4      | Reached XP level 7. HP: 24/36 MP: 3/14
  4662 | D:4      | Found a runed translucent gate.
  4662 | D:4      | Found a runed translucent gate.
  4662 | D:4      | Found a runed translucent gate.
  4674 | D:4      | Reached skill level 7 in Earth Magic
  4747 | D:4      | Found Koepneepn's Weapon Emporium.
  4790 | D:4      | Noticed Menkaure
  4795 | D:4      | Killed Menkaure
  4796 | D:4      | Reached skill level 5 in Spellcasting
  4796 | D:4      | Reached skill level 5 in Conjurations
  4796 | D:4      | Reached XP level 8. HP: 34/41 MP: 10/15
  4969 | D:4      | Noticed Eustachio
  4977 | D:4      | Killed Eustachio
  4978 | D:4      | Reached skill level 1 in Fighting
  4978 | D:4      | Reached skill level 1 in Armour
  5022 | D:4      | Reached skill level 1 in Maces & Flails
  5138 | D:4      | Found a sparkling altar of Nemelex Xobeh.
  5138 | D:4      | Noticed Blork the orc
  5143 | D:4      | Killed Blork the orc
  5259 | D:4      | Reached * piety under Vehumet
  5259 | D:4      | Offered knowledge of Freeze by Vehumet.
  5653 | D:5      | Entered Level 5 of the Dungeon
  5656 | D:5      | Found a shadowy altar of Dithmenos.
  5663 | D:5      | Got a pitted mace
  5664 | D:5      | Identified the +6 mace "Killer Bee's Regret" {venom, MR-
                  | Dex+4} (You found it on level 5 of the Dungeon)
  5781 | D:5      | Gained mutation: You have large cloven feet. [potion of
                  | mutation]
  5781 | D:5      | Gained mutation: Your body sometimes deteriorates upon
                  | taking damage. [potion of mutation]
  5781 | D:5      | Gained mutation: You have supernaturally acute eyesight.
                  | (SInv) [potion of mutation]
  5816 | D:5      | Found Yjyamot's Distillery.
  5830 | D:5      | Bought 2 potions of heal wounds for 140 gold pieces
  5834 | D:5      | Bought a potion of degeneration for 14 gold pieces
  6531 | D:6      | Reached XP level 9. HP: 40/49 MP: 15/17
  6596 | D:6      | Found a runed translucent gate.
  6596 | D:6      | Found a runed translucent gate.
  6596 | D:6      | Found a runed translucent gate.
  6596 | D:6      | Noticed glosham's ghost (weakling FoDe)
  6652 | D:6      | Reached skill level 8 in Earth Magic
  6917 | D:6      | Found a staircase to the Ecumenical Temple.
  6923 | Temple   | Entered the Ecumenical Temple
  7428 | D:6      | Offered knowledge of Magic Dart by Vehumet.
  7574 | D:6      | Found a white marble altar of Elyvilon.
  7580 | D:6      | Reached ** piety under Vehumet
  7774 | D:6      | Got a tattered robe
  7785 | D:6      | Identified the cursed +1 robe "Buata" {Harm rN+ MR+ Int+4}
                  | (You found it on level 6 of the Dungeon)
  8559 | D:7      | Found a stormy altar of Qazlal.
  8848 | D:7      | Reached XP level 10. HP: 56/56 MP: 10/19
  8915 | D:7      | Found a burning altar of Makhleb.
  8915 | D:7      | Noticed a green death
 10000 | D:9      | Found a glowing golden altar of the Shining One.
 10114 | D:9      | Reached skill level 9 in Earth Magic
 10453 | D:9      | Noticed a two-headed ogre
 10454 | D:9      | Offered knowledge of Static Discharge by Vehumet.
 10457 | D:9      | Killed a two-headed ogre
 10747 | D:10     | Entered Level 10 of the Dungeon
 10917 | D:10     | Reached *** piety under Vehumet
 10918 | D:10     | Reached skill level 5 in Armour
 10919 | D:10     | Reached skill level 5 in Fighting
 11178 | D:10     | Reached XP level 11. HP: 32/64 MP: 7/21
 11260 | D:10     | Reached skill level 5 in Maces & Flails
 11338 | D:10     | Found a staircase to the Lair.
 11506 | D:10     | Offered knowledge of Mephitic Cloud by Vehumet.
 11589 | D:10     | Found Nasin's Armour Boutique.
 11827 | D:10     | Found a staircase to the Orcish Mines.
 11830 | D:10     | Reached skill level 10 in Earth Magic
 11873 | D:10     | Noticed Harold
 11879 | D:10     | Killed Harold
 12181 | D:11     | Noticed a five-headed hydra
 12192 | D:11     | Killed a five-headed hydra
 12193 | D:11     | Reached skill level 5 in Dodging
 12203 | D:11     | Reached **** piety under Vehumet
 12211 | D:11     | Offered knowledge of Airstrike by Vehumet.
 12465 | D:11     | Found a shimmering altar of Xom.
 12474 | D:11     | Noticed a centaur warrior
 12477 | D:11     | Killed a centaur warrior
 13260 | D:11     | Reached XP level 12. HP: 37/71 MP: 16/23
 13265 | D:11     | Noticed a two-headed ogre
 13274 | D:11     | Mangled by a two-headed ogre

Illustrated notes

Levels and vault maps discovered:
D:1:      dpeg_arrival_three_same_balls, layout_basic, okawaru_ov_weapons_minmay
D:2:      layout_basic, lemuel_zombie_altar_kikubaaqudgha, old_standard_altar,
          grunt_temple_overflow_open, minmay_misc_feat_encased, minmay_rat_hole
D:3:      layout_basic, kennysheep_ying_yang, gammafunk_temple_overflow_pools
D:4:      wad_crossroads, layout_cave_pools, nicolae_overflow_crystal_walls,
          serial_shops, nicolae_shop_behind_doors, gammafunk_ghost_split,
          uniq_menkaure, uniq_eustachio, uniq_pikel, uniq_blork_the_orc
D:5:      layout_basic, nicolae_overflow_hidden_temple, serial_shops, shop,
          minmay_fractal_squares_5
D:6:      minmay_inner_zag, layout_cave_pools,
          minmay_temple_entry_enclosed_plants, ebering_ghost_rock_garden,
          serial_bayou, serial_bayou_shore_a, serial_bayou_lagoon_a,
          serial_bayou_pond_a, serial_bayou_ford_a, serial_bayou_pond_c,
          serial_bayou_pond_d, elyvilon_altar_3
D:7:      layout_basic, makhleb_altar_promises_db, lemuel_round_altar
D:8:      layout_gridville
D:9:      layout_loops_cross, tso_metal_star
D:10:     layout_roguey, minmay_lair_entry_grove, orc_0_dummy, serial_shops,
          nicolae_shop_crystal, chequers_serial_rivers_room_b, uniq_harold
D:11:     layout_basic, basic_altar, lightli_church_of_beogh
Temple:   corrupted_temple

Skill      XL: |  1  2  3  4  5  6  7  8  9 10 11 |
---------------+----------------------------------+-----
Earth Magic    | 4 5 6 7 8 9 10 | 10.6
Spellcasting   | 3 4 5 6 7 |  7.9
Conjurations   | 2 4 5 6 7 8 |  8.9
Fighting       | 2 4 5 6 |  6.8
Armour         | 2 4 5 6 |  6.0
Maces & Flails | 2 3 4 6 |  6.3
Dodging        | 2 3 4 5 |  5.5
Stealth        | |  2.1
Transmutations | |  0.7

Action                   |  1- 3 |  4- 6 |  7- 9 | 10-12 || total
-------------------------+-------+-------+-------+-------++-------
Melee: Unarmed           |    18 |       |       |       ||    18
       Dagger            |   130 |       |       |       ||   130
       Whip              |     9 |   186 |    64 |       ||   259
       Mace              |       |       |   116 |   198 ||   314
       Kick              |       |       |    26 |    48 ||    74
 Cast: Sandblast         |    29 |    17 |    39 |    16 ||   101
       Stone Arrow       |       |       |    13 |    14 ||    27
       Lee's Rapid Decon |       |       |     6 |    25 ||    31
Evoke: Wand              |       |       |       |     5 ||     5
  Use: Scroll            |       |     6 |    11 |     7 ||    24
       Potion            |       |     2 |     1 |       ||     3
 Stab: Sleeping          |     5 |     5 |     4 |     2 ||    16
       Distracted        |       |       |       |     1 ||     1
Armor: Robe              |    51 |    74 |    80 |    71 ||   276
       Skin              |       |    21 |     2 |       ||    23
Dodge: Dodged            |   117 |   141 |   139 |   168 ||   565

Table legend: (Time is in decaauts)
 A = Elapsed time spent in this place.
 B = Non-inter-level travel time spent in this place.
 C = Inter-level travel time spent in this place.
 D = Time resting spent in this place.
 E = Time spent auto-exploring this place.
 F = Levels seen in this place.
 G = Mean time per level.
                   A        B        C        D        E       F      G
               +--------+--------+--------+--------+--------+-----+--------+
         Total |  13375 |  13015 |    360 |   1558 |   9306 |  12 | 1114.6 |
       Dungeon |  13374 |  13014 |    360 |   1558 |   9306 |  11 | 1215.8 |
        Temple |      1 |      1 |      0 |      0 |      0 |   1 |    1.0 |
               +--------+--------+--------+--------+--------+-----+--------+

Top non-repeatable levels by time:
     D:2: 1823 daAuts
     D:6: 1557 daAuts
     D:1: 1469 daAuts
    D:10: 1438 daAuts
     D:4: 1255 daAuts
     D:3: 1126 daAuts
    D:11: 1103 daAuts
     D:7: 1035 daAuts
     D:5: 891 daAuts
     D:8: 863 daAuts
     D:9: 810 daAuts
  Temple: 1 daAuts
